 Dungeon Crawl Stone Soup version 0.25-a0-435-g4b9beb1024 (webtiles) character file.

Game seed: 16522969854532763494, levelgen mode: deterministic

3344 kae the Grappler (level 10, -11/73 HPs)
             Began as a Ghoul Gladiator on Jan 29, 2020.
             Was a Believer of Makhleb.
             Mangled by Prince Ribbit (17 damage)
             ... on level 9 of the Dungeon.
             The game lasted 00:07:13 (5765 turns).

kae the Grappler (Ghoul Gladiator)                  Turns: 5765, Time: 00:07:14

Health: -11/73     AC:  5    Str: 19    XL:     10   Next: 2%
Magic:  14/14      EV: 18    Int:  4    God:    Makhleb [**....]
Gold:   368        SH:  0    Dex: 17    Spells: 9/9 levels left

rFire    . . .     SeeInvis .     - Unarmed
rCold    + . .     Gourm    .   (no shield)
rNeg     + + +     Faith    .   a - +0 leather armour
rPois    ∞         Spirit   .   b - +0 helmet
rElec    .         Reflect  .   h - +0 cloak
rCorr    +         Harm     .   (no gloves)
MR       .....                  (no boots)
Stlth    ++........             j - amulet of regeneration
HPRegen  0.00/turn              g - ring of resist corrosion
MPRegen  0.14/turn              (no ring)

@: agile, flying, rotting
A: rotting body, claws 1, carnivore, cold resistance 1, negative energy
resistance 3, inhibited regeneration, torment resistance, unbreathing
a: Minor Destruction, Renounce Religion


You were on level 9 of the Dungeon.
You worshipped Makhleb.
Makhleb was pleased with you.
You were not hungry.

You visited 2 branches of the dungeon, and saw 9 of its levels.

You collected 368 gold pieces.

Inventory:

Missiles
 c - 3 throwing nets (quivered)
Armour
 a - a +0 leather armour (worn)
 b - a +0 helmet (worn)
 h - a +0 cloak (worn)
Jewellery
 g - a ring of resist corrosion (left claw)
 j - an amulet of regeneration (around neck)
Wands
 o - a wand of flame (15)
 s - a wand of iceblast (9)
Scrolls
 e - 4 scrolls of teleportation
 f - 5 scrolls of remove curse
 n - 2 scrolls of amnesia
 t - a scroll of enchant weapon
Potions
 i - 10 potions of curing
 k - a potion of cancellation
 l - a potion of might
 m - a potion of haste
 p - a potion of mutation
 r - a potion of agility
 v - a potion of lignification {unknown}
Comestibles
 d - 18 rations
 q - 2 chunks of flesh


   Skills:
 - Level 2.1 Fighting
 - Level 1.7 Throwing
 - Level 2.6 Dodging
 + Level 12.9 Unarmed Combat
 + Level 7.8 Invocations


You had 9 spell levels left.
You didn't know any spells.
Your spell library was empty.

Dungeon Overview and Level Annotations

Branches:
Dungeon (7/15)             Temple (1/1) D:5

Altars:
Ashenzari
Cheibriados
Fedhas
Hepliaklqana
Makhleb
Qazlal
Ru
Vehumet
Xom

Annotations:
D:9 Prince Ribbit


Innate Abilities, Weirdness & Mutations

Your body is rotting away.
You thrive on raw meat.
You are immune to poison.
You have sharp fingernails.
You are carnivorous and can eat meat at any time.
Your flesh is cold resistant. (rC+)
You are immune to negative energy. (rN+++)
You do not regenerate when monsters are visible.
You are immune to unholy pain and torment.
You can survive without breathing.


Message History

The hippogriff pecks you. The hippogriff claws you. The jackal bites you.
An orc comes into view. It is wielding a +0 flail.
The orc shouts!
You hear a shout!
Prince Ribbit hits you! The jackal closely misses you.
The orc moves out of view.
Things that are here:
a +0 war axe; a +0 chain mail; an orc corpse A centaur comes into view.
Prince Ribbit barely misses you. The jackal closely misses you.
Prince Ribbit hits you!
* * * LOW HITPOINT WARNING * * *
You feel better. Prince Ribbit closely misses you. Prince Ribbit hits you.
It was a potion of agility.
You feel agile all of a sudden. Prince Ribbit hits you!
* * * LOW HITPOINT WARNING * * *
It was a potion of flight.
You feel very buoyant.
You fly up into the air.
Prince Ribbit hits you!
You die...

......#.######.####
#..............$..
######.##.)...#.
#.##.....#
#.##..).o#
#c##...Hh#
.......hh#
#.###.##F# #..
#.##@# ... ..##.#
.####.# #. #.# #
#.# #.# ... #.#


You could see a hippogriff, Prince Ribbit, an orc and 3 jackals.

Vanquished Creatures
  Pikel (D:5)
  Grinder (D:6)
  A hungry ghost (D:7)
  A sky beast (D:6)
  2 orc warriors
  6 ogres
  A big kobold (D:7)
  3 bullfrogs
  A scorpion (D:4)
  A water moccasin skeleton (D:5)
  5 killer bees (D:7)
  2 howler monkeys
  7 crimson imps
  A hound (D:6)
  A bullfrog zombie (D:5)
  3 orc priests
  A jelly (D:5)
  7 orc wizards
  A centaur skeleton (D:4)
  An iguana (D:5)
  4 worker ants
  A hound skeleton (D:7)
  A hound zombie (D:6)
  A howler monkey skeleton (D:6)
  8 adders
  5 gnolls
  8 river rats (D:6)
  A shadow imp (D:7)
  3 oozes
  4 worms
  A dart slug (D:2)
  3 leopard geckos
  28 orcs
  2 ball pythons
  3 giant cockroaches
  5 goblins
  6 hobgoblins
  6 jackals
  11 kobolds
  10 quokkas
  6 bats
  3 frilled lizards
  A jackal skeleton (D:5)
  A leopard gecko skeleton (D:7)
  2 quokka skeletons (D:5)
  20 rats
191 creatures vanquished.

Notes
Turn   | Place    | Note
-------+----------+-------------------------------------------
     0 | D:1      | kae the Ghoul Gladiator began the quest for the Orb.
     0 | D:1      | Reached XP level 1. HP: 17/17 MP: 0/0
   122 | D:1      | Reached XP level 2. HP: 19/24 MP: 1/1
   199 | D:1      | Reached skill level 4 in Unarmed Combat
   312 | D:1      | Reached XP level 3. HP: 25/29 MP: 2/2
   907 | D:2      | Reached skill level 5 in Unarmed Combat
   916 | D:2      | Reached XP level 4. HP: 13/36 MP: 3/3
  1612 | D:3      | Reached skill level 6 in Unarmed Combat
  1612 | D:3      | Reached XP level 5. HP: 41/41 MP: 4/4
  1950 | D:3      | Reached skill level 7 in Unarmed Combat
  1957 | D:3      | Reached XP level 6. HP: 46/48 MP: 5/5
  2361 | D:4      | Reached skill level 8 in Unarmed Combat
  2901 | D:5      | Entered Level 5 of the Dungeon
  2913 | D:5      | Reached XP level 7. HP: 37/55 MP: 6/6
  3007 | D:5      | Noticed Pikel
  3033 | D:5      | Killed Pikel
  3033 | D:5      | Reached skill level 10 in Unarmed Combat
  3033 | D:5      | Reached XP level 8. HP: 50/61 MP: 7/7
  3098 | D:5      | Found a staircase to the Ecumenical Temple.
  3140 | Temple   | Entered the Ecumenical Temple
  3228 | Temple   | Became a worshipper of Makhleb the Destroyer
  3277 | D:5      | Reached skill level 1 in Invocations
  3731 | D:5      | Reached skill level 11 in Unarmed Combat
  4096 | D:6      | Noticed Grinder
  4109 | D:6      | Paralysed by Grinder for 6 turns
  4119 | D:6      | Reached * piety under Makhleb
  4125 | D:6      | Killed Grinder
  4125 | D:6      | Reached XP level 9. HP: 37/67 MP: 9/11
  4238 | D:6      | Reached skill level 5 in Invocations
  4368 | D:6      | Reached ** piety under Makhleb
  4689 | D:6      | Reached skill level 12 in Unarmed Combat
  4914 | D:6      | Found a sacrificial altar of Ru.
  4980 | D:7      | Found a radiant altar of Vehumet.
  5737 | D:7      | You fall into a shaft and drop 2 floors!
  5752 | D:9      | Noticed Prince Ribbit
  5757 | D:9      | Reached XP level 10. HP: 63/73 MP: 14/14
  5765 | D:9      | Mangled by Prince Ribbit

Levels and vault maps discovered:
D:1:      sevenhm_arrival_forest_fort_small_3, layout_loops_ring
D:2:      layout_basic
D:3:      layout_loops_cross, first_ration
D:4:      layout_basic, kennysheep_boxes
D:5:      layout_cave_pods, minmay_temple_entry_junction, enter_ossuary_1,
          uniq_pikel
D:6:      lemuel_ratsnest, layout_basic, nicolae_ru_path_of_blood, uniq_grinder
D:7:      layout_layer_cave, basic_altar, minmay_misc_feat_room
D:9:      layout_basic, marbit_many_paths,
          ploomutoo_gammafunk_ghost_potion_laboratory, uniq_prince_ribbit1
Temple:   regret_index_temple_generic_petals

Skill      XL: |  1  2  3  4  5  6  7  8  9 |
---------------+----------------------------+-----
Unarmed Combat | 4 5 6 7 8 10 11 12 | 12.9
Invocations    | 4 7 |  7.8
Fighting       | |  2.1
Throwing       | |  1.7
Dodging        | |  2.6

Action                   |  1- 3 |  4- 6 |  7- 9 | 10-12 || total
-------------------------+-------+-------+-------+-------++-------
Melee: Unarmed           |    91 |   152 |   386 |       ||   629
       Punch             |     1 |     3 |    17 |       ||    21
  Use: Scroll            |     3 |     5 |     5 |       ||    13
       Potion            |       |       |       |     3 ||     3
 Stab: Distracted        |       |       |     1 |       ||     1
  Eat: Chunk             |     8 |    31 |    54 |       ||    93
Armor: Leather armour    |    24 |    25 |    64 |       ||   113
Dodge: Dodged            |    75 |    71 |   174 |     4 ||   324

Table legend:
 A = Non-vault XP
 B = Vault XP
 C = Vault XP percentage of total XP
 D = Non-vault monster count
 E = Vault monster count
 F = Vault count percentage of total count
                 A         B        C        D         E       F
            +---------+---------+-------+---------+---------+-------
      Total |    3390 |    1388 |  29.0 |     154 |      37 |  19.4
            +---------+---------+-------+---------+---------+-------
        D:1 |      50 |       0 |   0.0 |      21 |       0 |   0.0
        D:2 |      93 |       0 |   0.0 |      13 |       0 |   0.0
        D:3 |     210 |       0 |   0.0 |      33 |       0 |   0.0
        D:4 |     256 |       0 |   0.0 |      10 |       0 |   0.0
        D:5 |     615 |     593 |  49.1 |      22 |       1 |   4.3
        D:6 |     534 |     795 |  59.8 |      17 |      36 |  67.9
        D:7 |    1490 |       0 |   0.0 |      35 |       0 |   0.0
        D:9 |     142 |       0 |   0.0 |       3 |       0 |   0.0
            +---------+---------+-------+---------+---------+-------
